 Dungeon Crawl Stone Soup version 0.31-a0-229-g1fc7ce93e2 (webtiles) character file.

Game seed: 14806419812385247474

53 qw the Shooter (level 3, -6/29 HPs)
             Began as a Minotaur Hexslinger on July 6, 2023.
             Mangled by Sigmund
             ... wielding a +0 scythe
              (10 damage)
             ... on level 2 of the Dungeon.
             The game lasted 00:00:32 (1143 turns).

qw the Shooter (Minotaur Hexslinger)                Turns: 1143, Time: 00:00:33

Health: -6/29      AC:  3    Str: 12    XL:     3   Next: 64%
Magic:  3/3        EV: 12    Int: 10    God:
Gold:   47         SH:  0    Dex: 14    Spells: 3/4 levels left

rFire   . . .        Y - +1 sling
rCold   . . .        (no shield)
rNeg    . . .        c - +0 robe
rPois   .            (helmet restricted)
rElec   .            (no cloak)
rCorr   .            (no gloves)
SInv    .            g - +0 pair of boots
Will    .....        (no amulet)
Stlth   +            (no ring)
HPRegen 0.24/turn    (no ring)
MPRegen 0.08/turn

%: no passive effects
@: confused
A: horns 2, retaliatory headbutt
a: no special abilities


You were on level 2 of the Dungeon.
You visited 1 branch of the dungeon, and saw 2 of its levels.

You collected 47 gold pieces.


Innate Abilities, Weirdness & Mutations

You have a pair of horns on your head.
You reflexively headbutt those who attack you in melee.


   Skills:
 - Level 2.0 Fighting
 + Level 4.2 Ranged Weapons
 - Level 2.1 Dodging
 - Level 1.0 Spellcasting
 - Level 2.0 Hexes


You had 3 spell levels left.
You knew the following spells:

 Your Spells              Type           Power      Damage    Failure   Level
a - Slow                  Hex            16%        N/A       16%         1

Your spell library contained the following spells:

 Spells                   Type           Power      Damage    Failure   Level
 Inner Flame              Hex/Fire       2%         N/A       56%         3
 Portal Projectile        Hex/Tloc       4%         N/A       56%         3
 Cause Fear               Hex            2%         N/A       83%         4

Inventory:

Hand Weapons
 Y - a +1 sling (weapon)
Armour
 c - a +0 robe (worn)
 g - a +0 pair of boots (worn)
Scrolls
 b - a scroll of identify {unknown}
Potions
 a - a potion of curing {unknown}
 d - a potion of lignification {unknown}
 e - a potion of degeneration {unknown}
 j - a potion of berserk rage {unknown}
 k - a potion of mutation {unknown}
 l - a potion of might {unknown}

Dungeon Overview and Level Annotations

Branches:
Dungeon (2/15)

Altars:

Annotations:
D:2 Sigmund


Message History

You feel less confused.
Sigmund hits you from afar with a +0 scythe.
You shoot a sling bullet. The sling bullet hits Sigmund.
Sigmund is lightly wounded.
Sigmund misses you.
You shoot a sling bullet. The sling bullet hits Sigmund.
Sigmund is moderately wounded.
Sigmund barely misses you.
You shoot a sling bullet.
The sling bullet hits Sigmund but does no damage.
Sigmund is moderately wounded.
Sigmund barely misses you.
You shoot a sling bullet.
The sling bullet closely misses Sigmund.
You shoot a sling bullet. The sling bullet barely misses Sigmund.
Sigmund closely misses you.
You shoot a sling bullet. The sling bullet hits Sigmund.
Sigmund is moderately wounded.
Sigmund hits you from afar with a +0 scythe.
You shoot a sling bullet. The sling bullet hits Sigmund.
Sigmund is heavily wounded.
Sigmund hits you from afar with a +0 scythe!
You shoot a sling bullet. The sling bullet hits Sigmund.
Sigmund is heavily wounded.
Sigmund barely misses you.
You shoot a sling bullet.
The sling bullet closely misses Sigmund.
You shoot a sling bullet.
The sling bullet closely misses Sigmund.
Sigmund hits you from afar with a +0 scythe!
You shoot a sling bullet. The sling bullet hits Sigmund.
Sigmund is severely wounded.
Sigmund barely misses you.
You shoot a sling bullet.
The sling bullet closely misses Sigmund.
Sigmund casts a spell at you.
You are confused.
Sigmund closely misses you.
Sigmund hits you from afar with a +0 scythe!
You die...

.#..#~#.......####.#
.#..%~%.)...###..%.#
.#...~........###.##
.#...~.....#.##...#
.#..#~#.......##..#
.####~#...........##
.# #~#............#
###.......####.#
#######.#..#+##.@.)#
...........# #.####
.########..# #@
.....<# #S ...####
#. #....# .. #..#.#
## #..#.# #.). .


You could see Sigmund and an adder.

Vanquished Creatures
  An adder (D:2)
  5 bats
  6 endoplasms
  5 giant cockroaches
  A goblin (D:2)
  2 hobgoblins (D:1)
  2 quokkas (D:2)
  5 ball pythons (D:1)
  3 frilled lizards (D:1)
  7 kobolds (D:1)
  5 rats (D:1)
42 creatures vanquished.

Notes
Turn   | Place    | Note
-------+----------+-------------------------------------------
     0 | D:1      | qw the Minotaur Hexslinger began the quest for the Orb.
     0 | D:1      | Reached XP level 1. HP: 16/16 MP: 1/1
     0 | D:1      | 0 ||| qw: Version: 0.3-a-46-gb1f654a
     0 | D:1      | 0 ||| qw: Game counter: 1187
     0 | D:1      | 0 ||| qw: Melee chars always use a shield: true
     0 | D:1      | 0 ||| qw: God list: Okawaru
     0 | D:1      | 0 ||| qw: Allow faded altars: false
     0 | D:1      | 0 ||| qw: Do Orc after clearing Dungeon:15 true
     0 | D:1      | 0 ||| qw: Do second Lair branch before Depths: true
     0 | D:1      | 0 ||| qw: Lair rune preference: random
     0 | D:1      | 0 ||| qw: Goals: Normal
     0 | D:1      | 0 ||| PLANNING D:1-11
   118 | D:1      | Reached skill level 3 in Ranged Weapons
   118 | D:1      | Reached XP level 2. HP: 23/23 MP: 2/2
   406 | D:1      | Reached XP level 3. HP: 29/29 MP: 3/3
   734 | D:1      | 734 ||| UPGRADING to +0 pair of boots.
   739 | D:1      | 739 ||| READING scroll labelled ZOORUE FEUF.
   740 | D:1      | 740 ||| READING scroll labelled LECZAH ISMAO.
   741 | D:1      | 741 ||| READING scroll labelled SAISAE JANAP.
   742 | D:1      | 742 ||| READING scroll labelled ZEPRIX GAR HEI.
   743 | D:1      | 743 ||| DROPPING scroll of poison.
   791 | D:2      | Reached skill level 4 in Ranged Weapons
  1120 | D:2      | Noticed Sigmund
  1138 | D:2      | HP: 3/29 [Sigmund/+0 scythe (7)]
  1143 | D:2      | Mangled by Sigmund

Levels and vault maps discovered:
D:1:      nzn_arrival_depleted_hourglass, layout_loops_ring,
          dreamdust_princess_corridor, lexackson_kobold_supper
D:2:      cheibrodos_helix_gallery, layout_basic, serial_rivers,
          chequers_serial_rivers_micro_a, chequers_serial_rivers_small_b,
          chequers_serial_rivers_micro_b, chequers_serial_rivers_room_b,
          chequers_serial_rivers_small_b, minmay_worlds_worst_comb, uniq_sigmund

Skill      XL: |  1  2  3 |
---------------+----------+-----
Ranged Weapons | 3 4 |  4.2
Fighting       | 2 |  2.0
Dodging        | |  2.1
Spellcasting   | |  1.0
Hexes          | |  2.0

Action                     || total
---------------------------++-------
   Fire: Sling             ||   125
    Use: Scroll            ||     4
 Armour: Robe              ||    10
  Dodge: Dodged            ||    33

Table legend:
 A = Non-vault XP
 B = Vault XP
 C = Vault XP percentage of total XP
 D = Non-vault monster count
 E = Vault monster count
 F = Vault count percentage of total count
                 A         B        C        D         E       F
            +---------+---------+-------+---------+---------+-------
      Total |      60 |      17 |  22.1 |      31 |      11 |  26.2
            +---------+---------+-------+---------+---------+-------
        D:1 |      37 |      11 |  22.9 |      25 |       8 |  24.2
        D:2 |      23 |       6 |  20.7 |       6 |       3 |  33.3
            +---------+---------+-------+---------+---------+-------
